 Dungeon Crawl Stone Soup version 0.31-a0-229-g1fc7ce93e2 (webtiles) character file.

Game seed: 14360960917665032870

107 qw the Shooter (level 4, 0/36 HPs)
             Began as a Minotaur Hexslinger on July 6, 2023.
             Slain by Robin
             ... wielding a +0 spear
              (4 damage)
             ... on level 3 of the Dungeon.
             The game lasted 00:00:45 (1836 turns).

qw the Shooter (Minotaur Hexslinger)                Turns: 1836, Time: 00:00:45

Health: 0/36       AC:  6    Str: 13    XL:     4   Next: 56%
Magic:  4/4        EV: 11    Int: 10    God:
Gold:   794        SH:  0    Dex: 14    Spells: 4/5 levels left

rFire   . . .        Y - +1 sling
rCold   . . .        (no shield)
rNeg    . . .        a - +0 ring mail
rPois   .            (helmet restricted)
rElec   .            g - +0 cloak
rCorr   .            (no gloves)
SInv    .            (no boots)
Will    .....        (no amulet)
Stlth   +            (no ring)
HPRegen 0.26/turn    (no ring)
MPRegen 0.09/turn

%: no passive effects
@: no status effects
A: horns 2, retaliatory headbutt
a: no special abilities


You were on level 3 of the Dungeon.
You visited 1 branch of the dungeon, and saw 3 of its levels.

You collected 794 gold pieces.


Innate Abilities, Weirdness & Mutations

You have a pair of horns on your head.
You reflexively headbutt those who attack you in melee.


   Skills:
 - Level 2.0 Fighting
 + Level 4.6 Ranged Weapons
 - Level 2.0 Armour
 - Level 2.1 Dodging
 - Level 1.0 Spellcasting
 - Level 2.0 Hexes


You had 4 spell levels left.
You knew the following spells:

 Your Spells              Type           Power      Damage    Failure   Level
a - Slow                  Hex            16%        N/A       32%         1

Your spell library contained the following spells:

 Spells                   Type           Power      Damage    Failure   Level
 Inner Flame              Hex/Fire       2%         N/A       82%         3
 Portal Projectile        Hex/Tloc       4%         N/A       82%         3
 Cause Fear               Hex            2%         N/A       97%         4

Inventory:

Hand Weapons
 Y - a +1 sling (weapon)
Armour
 a - a +0 ring mail (worn)
 g - a +0 cloak (worn)
Scrolls
 d - a scroll of identify
Potions
 c - a potion of cancellation
 h - a potion of berserk rage {unknown}
 i - a potion of invisibility {unknown}
 j - a potion of lignification {unknown}
 l - a potion of magic {unknown}

Dungeon Overview and Level Annotations

Branches:
Dungeon (3/15)

Altars:

Annotations:
D:3 Robin


Message History

The hobgoblin hits you. The goblin hits you but does no damage.
You shoot a sling bullet.
The sling bullet closely misses the goblin.
The goblin hits you with a +0 club. The goblin hits you but does no damage.
The hobgoblin hits you.
The hobgoblin hits you but does no damage.
The goblin hits you but does no damage.
Robin roars a battlecry!
The goblins go into a battle-frenzy!
The goblin hits you with a +0 club.
You shoot a sling bullet. The sling bullet hits the goblin.
You kill the goblin!
The goblin barely misses you.
The hobgoblin hits you but does no damage.
Robin closely misses you.
You shoot a sling bullet. The sling bullet hits the hobgoblin.
You kill the hobgoblin!
The goblin closely misses you. Robin hits you but does no damage.
You shoot a sling bullet.
The sling bullet barely misses the goblin.
Robin hits you from afar with a +0 spear.
The goblin hits you but does no damage.
You shoot a sling bullet. The sling bullet hits the goblin.
The goblin is heavily wounded.
The goblin hits you but does no damage. Robin closely misses you.
The goblin hits you but does no damage. Robin hits you but does no damage.
You shoot a sling bullet.
The sling bullet closely misses the goblin.
The goblin hits you with a +0 club. Robin hits you but does no damage.
You shoot a sling bullet.
The sling bullet closely misses the goblin.
The goblin hits you with a +0 club. Robin hits you but does no damage.
You shoot a sling bullet. The sling bullet hits the goblin!
You kill the goblin!
Robin hits you from afar with a +0 spear.
Robin hits you but does no damage.
You shoot a sling bullet. The sling bullet hits Robin.
Robin is lightly wounded.
Robin hits you from afar with a +0 spear.
You die...

#.#
#...............
###.#
#.#....#..#....
#<..#
#.+....#..# .
##### #
#...##..#
##.#....#
#.#.#.## #.#%#.#
#..)#.###
#...@)..#
#....).....#
#####g......
)...#.# ....# .
.))!# ....#
....#


You could see Robin.

Vanquished Creatures
  A hound (D:3)
  An adder (D:2)
  3 dart slugs
  4 bats
  14 goblins
  8 hobgoblins
  4 jackals (D:1)
  2 quokkas (D:1)
  4 ball pythons
  4 frilled lizards (D:1)
  8 kobolds
  2 rats
55 creatures vanquished.

Notes
Turn   | Place    | Note
-------+----------+-------------------------------------------
     0 | D:1      | qw the Minotaur Hexslinger began the quest for the Orb.
     0 | D:1      | Reached XP level 1. HP: 16/16 MP: 1/1
     0 | D:1      | 0 ||| qw: Version: 0.3-a-46-gb1f654a
     0 | D:1      | 0 ||| qw: Game counter: 1309
     0 | D:1      | 0 ||| qw: Melee chars always use a shield: true
     0 | D:1      | 0 ||| qw: God list: Okawaru
     0 | D:1      | 0 ||| qw: Allow faded altars: false
     0 | D:1      | 0 ||| qw: Do Orc after clearing Dungeon:15 true
     0 | D:1      | 0 ||| qw: Do second Lair branch before Depths: true
     0 | D:1      | 0 ||| qw: Lair rune preference: random
     0 | D:1      | 0 ||| qw: Goals: Normal
     0 | D:1      | 0 ||| PLANNING D:1-11
   231 | D:1      | Reached skill level 3 in Ranged Weapons
   231 | D:1      | Reached XP level 2. HP: 23/23 MP: 2/2
   668 | D:1      | Reached XP level 3. HP: 29/29 MP: 3/3
   895 | D:1      | 895 ||| UPGRADING to +0 leather armour.
   905 | D:1      | 905 ||| DROPPING +0 robe.
   906 | D:1      | 906 ||| READING scroll labelled QUOCUE ILIH.
   907 | D:1      | 907 ||| READING scroll labelled PAQ VIGUVEPH.
   912 | D:1      | 912 ||| READING scroll labelled BOYWOA YNADA.
   964 | D:1      | 964 ||| READING scroll labelled OZXUMAUSCHI.
   965 | D:1      | 965 ||| READING scroll labelled SOUMOKK BINARE.
   965 | D:1      | Identified a scroll of acquirement
   965 | D:1      | 965 ||| ACQUIRING 685 gold pieces
   965 | D:1      | Acquired 685 gold pieces
   967 | D:1      | 967 ||| DROPPING scroll of poison.
  1340 | D:2      | Reached skill level 4 in Ranged Weapons
  1412 | D:2      | 1412 ||| FLEEEEING.
  1488 | D:2      | Found a faded altar of an unknown god.
  1642 | D:2      | 1642 ||| UPGRADING to +0 ring mail.
  1652 | D:2      | 1652 ||| DROPPING +0 leather armour.
  1653 | D:2      | 1653 ||| UPGRADING to +0 cloak.
  1658 | D:2      | 1658 ||| READING scroll labelled AGGUOGG ECEOM.
  1759 | D:2      | 1759 ||| READING 2 scrolls labelled ORRUHE CISAPT.
  1760 | D:2      | 1760 ||| READING scroll labelled BOOCEE OFAOHOL.
  1761 | D:2      | 1761 ||| READING 2 scrolls of identify.
  1761 | D:2      | 1761 ||| IDENTIFYING emerald potion
  1762 | D:2      | 1762 ||| DROPPING scroll of revelation.
  1808 | D:3      | Reached XP level 4. HP: 36/36 MP: 4/4
  1823 | D:3      | Noticed Robin
  1833 | D:3      | HP: 7/36 [goblin/+0 club[Robin] (5)]
  1835 | D:3      | HP: 3/36 [Robin/+0 spear (1)]
  1836 | D:3      | Slain by Robin

Levels and vault maps discovered:
D:1:      dpeg_arrival_stone_temple_mockup, layout_loops_corners,
          minmay_pentomino_u4
D:2:      layout_basic, shapermc_ecumenical_altar_mp_vishouse
D:3:      layout_basic, mainiacjoe_overflow_surrounded_room,
          minmay_joined_circles, uniq_robin

Skill      XL: |  1  2  3 |
---------------+----------+-----
Ranged Weapons | 3 4 |  4.6
Fighting       | 2 |  2.0
Armour         | 2 |  2.0
Dodging        | |  2.1
Spellcasting   | |  1.0
Hexes          | |  2.0

Action                     |  1- 3 |  4- 6 || total
---------------------------+-------+-------++-------
   Fire: Sling             |   142 |    26 ||   168
    Use: Scroll            |     9 |       ||     9
 Armour: Robe              |    12 |       ||    12
         Ring mail         |     4 |    14 ||    18
         Leather armour    |     2 |       ||     2
  Dodge: Dodged            |    53 |     8 ||    61

Table legend:
 A = Non-vault XP
 B = Vault XP
 C = Vault XP percentage of total XP
 D = Non-vault monster count
 E = Vault monster count
 F = Vault count percentage of total count
                 A         B        C        D         E       F
            +---------+---------+-------+---------+---------+-------
      Total |     127 |      26 |  17.0 |      41 |      14 |  25.5
            +---------+---------+-------+---------+---------+-------
        D:1 |      45 |       5 |  10.0 |      25 |       3 |  10.7
        D:2 |      36 |       0 |   0.0 |      13 |       0 |   0.0
        D:3 |      46 |      21 |  31.3 |       3 |      11 |  78.6
            +---------+---------+-------+---------+---------+-------
